 Dungeon Crawl Stone Soup version 0.27-a0-1200-g94dc6ad4cf (console) character file.

Game seed: 14342783966651479005

63 Hector the Skirmisher (level 3, -1/34 HPs)
             Began as a Minotaur Abyssal Knight on May 30, 2021.
             Was a Believer of Lugonu.
             Slain by an orc priest
             ... wielding a +0 dagger
              (5 damage)
             ... on level 2 of the Dungeon.
             The game lasted 00:05:11 (1501 turns).

Hector the Skirmisher (Minotaur Abyssal Knight)     Turns: 1501, Time: 00:05:11

Health: -1/34      AC:  6    Str: 17    XL:     3   Next: 89%
Magic:  3/3        EV:  6    Int:  9    God:    Lugonu [**....]
Gold:   55         SH:  0    Dex:  9    Spells: 2/2 levels left

rFire    . . .     SeeInvis .   a - +1 hand axe
rCold    . . .     Faith    .   i - +2 kite shield
rNeg     . . .     Spirit   .   d - +0 scale mail
rPois    .         Reflect  .   (helmet restricted)
rElec    .         Harm     .   (no cloak)
rCorr    .         Rampage  .   (no gloves)
Will     .....                  (no boots)
Stlth    ..........             (no amulet)
HPRegen  0.11/turn              (no ring)
MPRegen  0.08/turn              (no ring)

@: confused
A: horns 2, retaliatory headbutt
a: Renounce Religion, Depart the Abyss, Bend Space


You were on level 2 of the Dungeon.
You worshipped Lugonu.
Lugonu was pleased with you.
You visited 1 branch of the dungeon, and saw 2 of its levels.
You visited the Abyss 1 time.

You collected 55 gold pieces.

Inventory:

Hand Weapons
 a - a +1 hand axe (weapon)
Missiles
 c - 40 stones
 k - 16 poisoned darts
Armour
 b - a +0 leather armour
 d - a +0 scale mail (worn)
 i - a +2 kite shield (worn)
Scrolls
 e - 2 scrolls of identify {unknown}
 f - a scroll of noise {unknown}
 h - a scroll of fog {unknown}
 l - a scroll of teleportation {unknown}
Potions
 g - a potion of degeneration {unknown}
 j - a potion of mutation {unknown}


   Skills:
 + Level 4.5 Fighting
 * Level 3.9 Axes
 + Level 2.6 Armour
 + Level 1.4 Dodging
 * Level 0.7 Shields
 - Level 1.7 Invocations


You had 2 spell levels left.
You didn't know any spells.
Your spell library contained the following spells:

 Spells                   Type           Power      Damage    Failure   Level
 Freeze                   Ice            0%         1d3       100%        1
 Frozen Ramparts          Ice            0%         1d2       100%        3
 Ozocubu's Armour         Ice            0%         N/A       100%        3
 Hailstorm                Conj/Ice       0%         3d3       100%        4
 Metabolic Englaciation   Hex/Ice        0%         N/A       100%        5


Dungeon Overview and Level Annotations

Branches:
Dungeon (2/15)

Altars:

Shops:
D:2 *

Annotations:
D:1 vault
D:2 Sigmund


Innate Abilities, Weirdness & Mutations

You have a pair of horns on your head.
You reflexively headbutt those who attack you in melee.


Message History

The orc priest is moderately wounded.
You closely miss the orc wizard.
A magic dart appears from out of thin air!
The magic dart hits you.
The orc priest hits you with a +0 dagger.
You block the orc wizard's attack. Something hits you but does no damage.
You hit the orc priest.
The orc priest is moderately wounded.
You hit the orc. You hit the orc wizard. The orc hits you with a +0 whip.
The orc priest hits you but does no damage.
You block the orc wizard's attack. You block something's attack.
The orc priest calls upon Beogh to heal the orc wizard.
The orc wizard's wounds heal themselves!
The orc hits you but does no damage.
The orc wizard hits you but does no damage.
You slash the orc!
You kill the orc!
Lugonu accepts your kill.
Your shield prevents you from hitting the orc priest.
You hit the orc wizard.
A magic dart appears from out of thin air!
The magic dart hits you. You block the orc priest's attack.
The orc wizard casts a spell at you.
You are confused.
A magic dart appears from out of thin air!
The magic dart hits you.
You are too injured to fight recklessly!
You are too injured to fight recklessly!
You are too injured to fight recklessly!
The orc priest calls upon Beogh to heal the orc wizard.
The orc wizard's wounds heal themselves!
The orc wizard hits you but does no damage.
Something hits you!
* * * LOW HITPOINT WARNING * * *
The orc wizard hits you but does no damage.
Something hits you but does no damage.
You're too confused to move!
The orc wizard barely misses you. Something hits you but does no damage.
The orc priest hits you with a +0 dagger.
You die...

....... ....... #####
..!....
....#############.......
....##..................
....##.........)........
...............o........
....#..........o.....!..
....#..........{@#######
#####.........##...#
#####.........##.#.#
..............##.#.#
....#..........#.# #
###.#..........#.#
#.#..........#..
###.#..........###
....#.########..


You could see an orc priest and an orc wizard.

Vanquished Creatures
  Jessica (D:2)
  2 orcs (D:2)
  5 ball pythons
  3 endoplasms
  2 giant cockroaches
  4 goblins (D:1)
  2 hobgoblins (D:1)
  3 jackals (D:1)
  3 quokkas (D:1)
  A bat (D:2)
  2 frilled lizards
  2 kobolds (D:2)
  2 rats (D:1)
32 creatures vanquished.

Notes
Turn   | Place    | Note
-------+----------+-------------------------------------------
     0 | Abyss:1  | Hector the Minotaur Abyssal Knight began the quest for the
                  | Orb.
     0 | Abyss:1  | Reached XP level 1. HP: 19/19 MP: 1/1
    11 | D:1      | Escaped the Abyss
   178 | D:1      | Found a faded altar of an unknown god.
   184 | D:1      | Reached skill level 4 in Fighting
   236 | D:1      | Reached XP level 2. HP: 23/27 MP: 2/2
   923 | D:2      | Reached XP level 3. HP: 34/34 MP: 3/3
  1007 | D:2      | Found Iwowkuno's Assorted Antiques.
  1015 | D:2      | Noticed Sigmund
  1315 | D:2      | Noticed Jessica
  1319 | D:2      | Reached ** piety under Lugonu
  1322 | D:2      | Killed Jessica
  1501 | D:2      | Slain by an orc priest

Illustrated notes

Levels and vault maps discovered:
D:1:      dpeg_arrival_orchard, layout_rooms, chequers_ecumenical_altar_simple,
          due_unseen_surprise
D:2:      layout_basic, serial_shops, nicolae_shop_stone, st_stairs_6,
          uniq_jessica, uniq_sigmund

Skill      XL: |  1  2 |
---------------+-------+-----
Fighting       | 4 |  4.5
Axes           | 3 |  3.9
Armour         | |  2.6
Dodging        | |  1.4
Shields        | |  0.7
Invocations    | |  1.7

Action                   || total
-------------------------++-------
Melee: Hand axe          ||    64
       Headbutt          ||    10
Armor: Leather armour    ||    10
       Scale mail        ||    29
Dodge: Dodged            ||    31
Block: Kite shield       ||    23

Table legend: (Time is in decaauts)
 A = Elapsed time spent in this place.
 B = Non-inter-level travel time spent in this place.
 C = Inter-level travel time spent in this place.
 D = Time resting spent in this place.
 E = Time spent auto-exploring this place.
 F = Levels seen in this place.
 G = Mean time per level.
                   A        B        C        D        E       F      G
               +--------+--------+--------+--------+--------+-----+--------+
         Total |   1520 |   1438 |     82 |    137 |    965 |   3 |  506.7 |
       Dungeon |   1509 |   1427 |     82 |    137 |    961 |   2 |  754.5 |
         Abyss |     11 |     11 |      0 |      0 |      4 |   1 |   11.0 |
               +--------+--------+--------+--------+--------+-----+--------+

Top non-repeatable levels by time:
     D:1: 965 daAuts
     D:2: 544 daAuts
 Abyss:1: 11 daAuts
